[Event "ICC tourney 2556 (25 5)"]
[Site "Internet Chess Club"]
[Date "2021.05.09"]
[Round "8"]
[White "VARMA, ISHAN:K05-16055185"]
[Black "KAUR, JIND:K05-15724996"]
[Result "1/2-1/2"]
[ICCResult "Game drawn by repetition"]
[WhiteElo "931"]
[BlackElo "1296"]
[Opening "Sicilian: accelerated fianchetto, exchange variation"]
[ECO "B34"]
[NIC "SI.33"]
[Time "17:30:30"]
[PlyCount "164"]
[TimeControl "1500+5"]

1. e4 c5 2. Nf3 Nc6 3. d4 cxd4 4. Nxd4 g6 5. Nxc6 bxc6 6. Nc3 Bg7 7. Bc4
Nf6 8. e5 Ng8 9. Bf4 Qc7 10. Qf3 e6 11. Qg3 Ne7 12. O-O O-O 13. Qh3 Bxe5
14. Bh6 Bg7 15. Ne4 d5 16. Bxg7 Kxg7 17. Ng5 h5 18. Bd3 Qa5 19. Rfe1 d4 20.
Qh4 Nf5 21. Bxf5 Qxf5 22. Qxd4+ Kg8 23. Ne4 e5 24. Qe3 Be6 25. Qg5 f6 26.
Qxf5 Bxf5 27. Rad1 Rab8 28. b3 Rfd8 29. Rxd8+ Rxd8 30. Nxf6+ Kf7 31. Ne4
Rd4 32. f3 Bxe4 33. Rxe4 Rd1+ 34. Kf2 Rd2+ 35. Re2 Rd5 36. Re4 Rd2+ 37. Re2
Rd5 38. g4 hxg4 39. fxg4 Kf6 40. Kg3 Rd1 41. Rf2+ Kg5 42. h4+ Kh6 43. g5+
Kh7 44. Rf7+ Kg8 45. Rxa7 Rg1+ 46. Kh2 Rg4 47. Ra4 e4 48. Kh3 Rf4 49. Rc4
Kg7 50. a4 Rf2 51. Rxe4 Rxc2 52. Rc4 Rb2 53. Rc3 Rb1 54. Kg4 Rg1+ 55. Kf3
Rh1 56. Rxc6 Rxh4 57. Kg3 Rb4 58. Rc3 Kf7 59. a5 Rb5 60. Rc7+ Ke6 61. Rc6+
Kf7 62. Kf4 Rxa5 63. Rc7+ Ke6 64. Rg7 Rb5 65. Rxg6+ Kf7 66. Rf6+ Kg7 67.
Kg4 Rxb3 68. Kh5 Rh3+ 69. Kg4 Rb3 70. Rd6 Rb5 71. Rd7+ Kg6 72. Rd6+ Kg7 73.
Rd7+ Kg6 74. Rd6+ Kg7 75. Kh5 Ra5 76. Rd7+ Kf8 77. Kh6 Ra1 78. Rh7 Kg8 79.
Rg7+ Kf8 80. Rh7 Kg8 81. Rg7+ Kf8 82. Rh7 Kg8 { Game drawn by repetition }
1/2-1/2

[Event "ICC tourney 2556 (25 5)"]
[Site "Internet Chess Club"]
[Date "2021.05.09"]
[Round "8"]
[White "KRISHNAN, ASHVATH:K05-30042119"]
[Black "QIAO, EVELYN:K05-16026633"]
[Result "1-0"]
[ICCResult "Black checkmated"]
[WhiteElo "1226"]
[BlackElo "1575"]
[Opening "Sicilian: Pelikan (Lasker/Sveshnikov) variation"]
[ECO "B33"]
[NIC "SI.36"]
[Time "17:31:14"]
[PlyCount "169"]
[TimeControl "1500+5"]

1. e4 c5 2. Nf3 Nc6 3. d4 cxd4 4. Nxd4 Nf6 5. Nc3 e5 6. Ndb5 d6 7. Bg5 a6
8. Na3 Be7 9. Bxf6 Bxf6 10. Nd5 b5 11. c3 O-O 12. Nc2 Bg5 13. Nce3 Be6 14.
Be2 Bxe3 15. Nxe3 Qd7 16. O-O Rfc8 17. Bg4 Bxg4 18. Nxg4 Rab8 19. Qf3 Ne7
20. Qg3 Ng6 21. Rfe1 b4 22. cxb4 Rxb4 23. b3 h5 24. Ne3 Rxe4 25. Qf3 Rh4
26. g3 Rh3 27. Qf5 Rd8 28. Qxd7 Rxd7 29. Kg2 Nf4+ 30. gxf4 Rh4 31. fxe5
dxe5 32. Kg3 Rf4 33. Rad1 Rfd4 34. Rxd4 exd4 35. Rd1 Kf8 36. Nc2 d3 37. Ne1
Re7 38. Nxd3 Re2 39. Ra1 Rc2 40. Nb4 Rc3+ 41. Kg2 a5 42. Nd5 Rc5 43. Ne3
Ke7 44. Rd1 Ke6 45. Nc4 a4 46. Re1+ Kf6 47. Re3 axb3 48. axb3 Rb5 49. Nd6
Rg5+ 50. Kf1 Kg6 51. Rg3 f6 52. Rxg5+ Kxg5 53. b4 Kf4 54. b5 Ke5 55. Nf7+
Kd5 56. Ke2 Kc5 57. Ke3 Kxb5 58. Ke4 Kc4 59. f4 g6 60. h4 Kc5 61. Nh8 Kd6
62. Nxg6 Ke6 63. f5+ Kf7 64. Nf4 Ke7 65. Nxh5 Kf7 66. Kd5 Ke7 67. Kc6 Kf7
68. Kd7 Kf8 69. Nxf6 Kf7 70. Nd5 Kg7 71. f6+ Kf7 72. h5 Kg8 73. Ke8 Kh8 74.
f7 Kh7 75. Nf6+ Kh6 76. f8=Q+ Kg5 77. h6 Kf4 78. h7 Ke5 79. h8=Q Kd4 80.
Ng4+ Kd5 81. Qe5+ Kc4 82. Qfc5+ Kb3 83. Qec3+ Ka2 84. Q5a3+ Kb1 85. Qab2# {
Black checkmated } 1-0

[Event "ICC tourney 2556 (25 5)"]
[Site "Internet Chess Club"]
[Date "2021.05.09"]
[Round "8"]
[White "ADEWUMI, TANITOLUWA:K05-16649696"]
[Black "METZMAKER, SUYA:K05-16458411"]
[Result "1-0"]
[ICCResult "Black checkmated"]
[WhiteElo "2132"]
[BlackElo "1618"]
[Opening "Queen's pawn, Mason variation"]
[ECO "D00"]
[NIC "QP.08"]
[Time "17:31:05"]
[PlyCount "133"]
[TimeControl "1500+5"]

1. d4 d5 2. Bf4 Nf6 3. e3 Nc6 4. Nc3 Bf5 5. Nf3 e6 6. Bb5 a6 7. Ba4 Bg4 8.
Qd3 Bxf3 9. gxf3 Bb4 10. a3 Bd6 11. Bg5 O-O 12. Bxc6 bxc6 13. Rg1 c5 14.
Rd1 c4 15. Qe2 c5 16. dxc5 Bxc5 17. e4 Be7 18. exd5 Qd6 19. Qxc4 Nxd5 20.
Nxd5 exd5 21. Rxd5 Qxh2 22. Qg4 Bxg5 23. Rxg5 g6 24. f4 Qh6 25. f5 Rae8+
26. Kf1 Rb8 27. f6 Rxb2 28. Kg2 Rxc2 29. Qg3 Ra2 30. Rh1 Rxf2+ 31. Kxf2
Qxh1 32. Qd6 Qh4+ 33. Rg3 Qh2+ 34. Kf1 Qh1+ 35. Kf2 Qa1 36. Rd3 Qb2+ 37.
Rd2 Qb8 38. Qe7 Qf4+ 39. Ke1 Qb8 40. Kf2 Qh2+ 41. Ke3 Qb8 42. Kf3 Qe8 43.
Rd7 Qa8+ 44. Kf4 Qc6 45. Rc7 Qa4+ 46. Kg5 Qa5+ 47. Kf4 Qa4+ 48. Ke5 Qa5+
49. Rc5 Qe1+ 50. Kd6 Qd1+ 51. Rd5 Qa4 52. Kc7 Qc4+ 53. Rc5 Qb3 54. Kd6 Qxa3
55. Kd7 Qd3+ 56. Kc7 Qb3 57. Kd6 Qd3+ 58. Rd5 Qg3+ 59. Kc6 Rc8+ 60. Kb7
Qb3+ 61. Kxc8 Qc2+ 62. Rc5 Qxc5+ 63. Qxc5 h5 64. Qe7 a5 65. Qe8+ Kh7 66.
Qf8 a4 67. Qg7# { Black checkmated } 1-0

[Event "ICC tourney 2556 (25 5)"]
[Site "Internet Chess Club"]
[Date "2021.05.09"]
[Round "8"]
[White "REDDY EDULAKANTI, RITHWIK:K05-16559920"]
[Black "GU LIN, BENJAMIN:K05-15976160"]
[Result "0-1"]
[ICCResult "White checkmated"]
[WhiteElo "1071"]
[BlackElo "1496"]
[Opening "Giuoco Pianissimo: Italian four knights variation"]
[ECO "C50"]
[NIC "IG.02"]
[Time "17:30:41"]
[PlyCount "126"]
[TimeControl "1500+5"]

1. e4 e5 2. Nf3 Nc6 3. Bc4 Bc5 4. Nc3 Nf6 5. d3 h6 6. Be3 Bb6 7. O-O O-O 8.
h3 d6 9. d4 exd4 10. Nxd4 Nxd4 11. Bxd4 Re8 12. f3 Be6 13. Bxe6 fxe6 14.
Bxb6 axb6 15. Qd2 Qe7 16. Rad1 Rad8 17. Qe2 Qf7 18. f4 d5 19. e5 Nd7 20.
Nb5 Nc5 21. b4 Ne4 22. Qe3 Qe7 23. a3 Ra8 24. Ra1 c6 25. Nc3 Nxc3 26. Qxc3
Rf8 27. Qe3 b5 28. c3 Rac8 29. Rac1 c5 30. Kh2 b6 31. Qe2 Qd7 32. g3 Ra8
33. Ra1 Ra4 34. Qb2 Rfa8 35. Ra2 Qc7 36. Rc1 Qc6 37. Rc2 Qb7 38. Rc1 Qa6
39. Rca1 Qb7 40. Rc1 Rc8 41. Rc2 Rc6 42. Rc1 Qc7 43. Qc2 cxb4 44. axb4 Rxa2
45. Qxa2 Rxc3 46. Rxc3 Qxc3 47. Qb1 d4 48. Kg2 d3 49. Kf2 Qc2+ 50. Qxc2
dxc2 51. Kf3 c1=Q 52. Kf2 Qd2+ 53. Kf3 Qxb4 54. Kf2 Qc4 55. Ke1 b4 56. Kf2
Qc3 57. Ke2 b3 58. Kf2 b2 59. h4 b1=Q 60. Kg2 Qbc2+ 61. Kh3 Qf2 62. Kg4
Qcxg3+ 63. Kh5 Qff3# { White checkmated } 0-1

[Event "ICC tourney 2556 (25 5)"]
[Site "Internet Chess Club"]
[Date "2021.05.09"]
[Round "8"]
[White "SRIADITYA KUNAPULI, SIDDARTH:K05-16368693"]
[Black "KESIREDDY, SAIKARUNYA:K05-16974321"]
[Result "0-1"]
[ICCResult "White resigns"]
[WhiteElo "1533"]
[BlackElo "880"]
[Opening "Sicilian: Alapin's variation (2.c3)"]
[ECO "B22"]
[NIC "SI.46"]
[Time "17:30:07"]
[PlyCount "94"]
[TimeControl "1500+5"]

1. e4 c5 2. c3 e6 3. d4 d5 4. Nd2 Nc6 5. Ngf3 Be7 6. Bd3 f5 7. e5 Qb6 8.
O-O Bd7 9. Re1 O-O-O 10. Bxf5 cxd4 11. Bd3 Bc5 12. c4 Nb4 13. Nb3 Ba4 14.
cxd5 Nxd5 15. Qc2 Bxb3 16. axb3 Nb4 17. Qc4 Nxd3 18. Qxd3 Kb8 19. Ng5 Nh6
20. Bd2 Rd7 21. Ba5 Qc6 22. Rac1 Qd5 23. Ne4 Be7 24. Red1 Qxa5 25. Qg3 Nf5
26. Qf4 Rf8 27. Qg4 Qxe5 28. Re1 Qd5 29. Qf4+ Bd6 30. Nxd6 Qxd6 31. Qe4 d3
32. Rcd1 d2 33. Re2 Qd5 34. Qxd5 Rxd5 35. Rexd2 Rxd2 36. Rxd2 Kc7 37. Re2
Re8 38. Re4 Kd6 39. g4 Ne7 40. Rf4 Nd5 41. Rf7 Re7 42. Rf3 Kc5 43. Rh3 h6
44. Kf1 Kb4 45. Ke1 a5 46. Rh4 Kxb3 47. Rh3+ Kxb2 { White resigns } 0-1

[Event "ICC tourney 2556 (25 5)"]
[Site "Internet Chess Club"]
[Date "2021.05.09"]
[Round "8"]
[White "MURUGAN AYYAPPAN, ADHIRAIYAN:K05-16024678"]
[Black "SIGMUND PRIMUS, JONATHAN:K05-17193231"]
[Result "0-1"]
[ICCResult "White checkmated"]
[WhiteElo "1378"]
[BlackElo "971"]
[Opening "Queen's pawn, Mason variation"]
[ECO "D00"]
[NIC "QP.08"]
[Time "17:30:48"]
[PlyCount "162"]
[TimeControl "1500+5"]

1. d4 d5 2. Bf4 Nf6 3. e3 Bf5 4. Nf3 e6 5. Bd3 Bg6 6. Nbd2 c5 7. Ne5 Bxd3
8. Nxd3 cxd4 9. exd4 Nc6 10. c3 Bd6 11. Ne5 Bxe5 12. dxe5 Nd7 13. Nf3 O-O
14. O-O f6 15. exf6 Nxf6 16. Re1 Ne4 17. Be3 h6 18. Nd2 Nxd2 19. Bxd2 Qb6
20. Qe2 Rf6 21. Be3 Qc7 22. Qg4 Raf8 23. Re2 b6 24. Rae1 e5 25. Rd2 Rd8 26.
Red1 Qf7 27. f3 Na5 28. b3 Kh8 29. Bf2 Rf4 30. Qh3 Nc6 31. Bg3 Rf5 32. Rxd5
Rxd5 33. Rxd5 Rxf3 34. gxf3 Qxd5 35. Bf2 e4 36. fxe4 Qxe4 37. Qg2 Qb1+ 38.
Qf1 Qxa2 39. b4 Qc2 40. Be1 Qg6+ 41. Bg3 h5 42. Kh1 Qe4+ 43. Qg2 Qxg2+ 44.
Kxg2 Kg8 45. b5 Ne7 46. Bb8 Nd5 47. c4 Ne3+ 48. Kf3 Nxc4 49. Bxa7 Nd6 50.
Bxb6 Nxb5 51. Kf4 Kf7 52. Kg5 g6 53. Bc5 Nc3 54. Bd4 Ne4+ 55. Kf4 Nf6 56.
Kg5 Ng4 57. h3 Nh2 58. Kf4 Nf1 59. Bc3 Ke6 60. Kf3 Kf5 61. Kf2 Kf4 62. Be1
Nh2 63. Bd2+ Ke4 64. Kg2 Nf3 65. Bb4 g5 66. Be7 g4 67. h4 Ne1+ 68. Kg3 Nc2
69. Bc5 Ne3 70. Ba3 Nf5+ 71. Kh2 g3+ 72. Kg2 Kf4 73. Bc5 Nxh4+ 74. Kh3 Nf5
75. Bb6 h4 76. Ba7 Kf3 77. Bb8 g2 78. Bh2 Kf2 79. Bf4 g1=Q 80. Be3+ Nxe3
81. Kxh4 Qg4# { White checkmated } 0-1

[Event "ICC tourney 2556 (25 5)"]
[Site "Internet Chess Club"]
[Date "2021.05.09"]
[Round "8"]
[White "FRANCO PRASANNA, KEVIN:K05-15771571"]
[Black "KANNAN, VIJAY:K05-16132744"]
[Result "0-1"]
[ICCResult "White checkmated"]
[WhiteElo "1346"]
[BlackElo "1618"]
[Opening "Sicilian: Taimanov variation"]
[ECO "B45"]
[NIC "SI.43"]
[Time "17:38:55"]
[PlyCount "104"]
[TimeControl "1500+5"]

1. e4 c5 2. Nf3 e6 3. Nc3 Nc6 4. d4 cxd4 5. Nxd4 Nf6 6. Nxc6 bxc6 7. Bg5
Be7 8. Bxf6 Bxf6 9. Qd2 O-O 10. Bd3 Rb8 11. O-O-O Bg5 12. f4 Be7 13. g4 e5
14. Kb1 exf4 15. Qxf4 d6 16. e5 d5 17. Rhg1 Be6 18. Rg3 f6 19. Rh3 h6 20.
Rh5 fxe5 21. Qg3 Bd6 22. Qh3 Qd7 23. Bg6 Bxg4 24. Qh4 Bxh5 25. Qxh5 Qe7 26.
Rg1 Bc5 27. Rd1 Qg5 28. Qxg5 hxg5 29. Bh5 Bd4 30. Na4 Rf2 31. b3 Rxh2 32.
Bg4 Rf8 33. Be6+ Kh8 34. c3 Bb6 35. Nxb6 axb6 36. Bd7 c5 37. Bc6 d4 38.
cxd4 cxd4 39. Be4 Rff2 40. Rg1 g4 41. a4 g3 42. b4 g2 43. Bxg2 Rfxg2 44.
Rf1 d3 45. Rd1 e4 46. a5 bxa5 47. bxa5 Ra2 48. Re1 Rxa5 49. Rxe4 Rb5+ 50.
Kc1 d2+ 51. Kc2 d1=Q+ 52. Kxd1 Rb1# { White checkmated } 0-1